 Dungeon Crawl Stone Soup version 0.31-a0-177-g4aa6249778 (webtiles) character file.

Game seed: 5122432448406269622

35 mopl the Conjurer (level 3, 0/19 (24) HPs)
             Began as an Octopode Reaver on June 18, 2023.
             Succumbed to an adder's poison
             ... on level 2 of the Dungeon.
             The game lasted 00:01:36 (991 turns).

mopl the Conjurer (Octopode Reaver)                  Turns: 991, Time: 00:01:37

HP:   0/19 (24)     AC:  1    Str: 11    XL:     3   Next: 33%
MP:   3/6           EV: 13    Int: 17    God:
Gold: 39            SH:  0    Dex: 10    Spells: 6/7 levels left

rFire   . . .        a - staff of cold
rCold   + . .        (no shield)
rNeg    . . .        (helmet restricted)
rPois   .            (no amulet)
rElec   .            (no ring)
rCorr   .            (no ring)
SInv    .            (no ring)
Will    +....        (no ring)
Stlth   ++           (no ring)
HPRegen 0.23/turn    (no ring)
MPRegen 0.10/turn    (no ring)
                     (no ring)

%: no passive effects
@: lethally poisoned (0 -> -1), enlightened, flying, heavily drained
A: almost no armour, amphibious, 8 rings, camouflage 1, gelatinous body 1,
(nimble swimmer 1), tentacles
a: no special abilities


You were on level 2 of the Dungeon.
You visited 1 branch of the dungeon, and saw 2 of its levels.

You collected 39 gold pieces.

Inventory:

Missiles
 f - 6 poisoned darts
 g - 5 javelins
Magical Staves
 a - a staff of cold (weapon)
Scrolls
 c - a scroll of noise {unknown}
 d - 3 scrolls of identify {unknown}
 e - 2 scrolls of teleportation {unknown}
 h - a scroll of butterflies {unknown}
 i - a scroll of fog {unknown}


   Skills:
 - Level 2.0 Fighting
 - Level 3.0(3.1) Maces & Flails
 + Level 1.3(2.3) Staves
 - Level 2.0 Dodging
 + Level 2.6 Spellcasting
 + Level 3.4 Conjurations


You had 6 spell levels left.
You knew the following spells:

 Your Spells              Type           Power      Damage    Failure   Level
a - Kiss of Death         Conj/Necr      32%        2d7       9%          1

Your spell library contained the following spells:

 Spells                   Type           Power      Damage    Failure   Level
 Momentum Strike          Conj/Tloc      16%        3d8       14%         2
 Hailstorm                Conj/Ice       12%        3d5       26%         3
 Confusing Touch          Hex            2%         N/A       50%         3
 Dispel Undead            Necr           2%         3d7       88%         4


Dungeon Overview and Level Annotations

Branches:
Dungeon (2/15)

Altars:


Innate Abilities, Weirdness & Mutations

You cannot wear most types of armour.
You are amphibious.
You can wear up to eight rings at the same time.
Your skin changes colour to match your surroundings (Stealth+).
Your rubbery body absorbs attacks. (AC +1, EV +1)
((You are camouflaged when in or above water. (Stealth+)))
You have tentacles for arms and can constrict up to eight enemies at once.


Message History

You feel drained.
You feel sick. The dart slug launches a dart at you. The slug dart hits you.
* * * LOW HITPOINT WARNING * * *
You have reached level 3!
Your experience leads to an increase in your attributes!
Increase (S)trength, (I)ntelligence, or (D)exterity?
You feel clever. x2
* * * LOW HITPOINT WARNING * * *
You feel sick.
Things that are here:
4 stones; an adder corpse
Casting: Kiss of Death (safe; 9% risk of failure)
Confirm with . or Enter, or press ? or * to list all spells.
Aiming: Kiss of Death (safe; 9% risk of failure)
Press: ? - help, Shift-Dir - straight line, f - dart slug
Aim: a dart slug (100% to hit)
The negative energy hits the dart slug!
The dart slug is drained!
You kill the dart slug!
You feel drained.
* * * LOW HITPOINT WARNING * * *
You feel sick.
It was a potion of enlightenment.
You feel very buoyant.
You fly up into the air.
* * * LOW HITPOINT WARNING * * *
You feel sick.
* * * LOW HITPOINT WARNING * * *
You feel sick.
You see here 11 gold pieces.
You now have 39 gold pieces (gained 11).
* * * LOW HITPOINT WARNING * * *
You feel sick.
* * * LOW HITPOINT WARNING * * *
You feel sick.
Things that are here:
4 stones; an adder corpse An endoplasm comes into view.
Found a whip.
You die...

#..)....#
#.......
#....J.
#.....
#.... ...
#.# #@# #(#
#.# #.#
#.## #..#
####.#
######.#..#
#.#.....#.#


You could see an endoplasm (asleep).

Vanquished Creatures
  An adder (D:2)
  A dart slug (D:2)
  2 endoplasms (D:1)
  A giant cockroach (D:1)
  4 goblins
  A hobgoblin (D:1)
  2 quokkas
  3 ball pythons
  2 bats (D:1)
  2 frilled lizards
  2 kobolds (D:2)
  2 rats (D:2)
23 creatures vanquished.

Notes
Turn   | Place    | Note
-------+----------+-------------------------------------------
     0 | D:1      | mopl the Octopode Reaver began the quest for the Orb.
     0 | D:1      | Reached XP level 1. HP: 14/14 MP: 3/3
   254 | D:1      | Found a faded altar of an unknown god.
   388 | D:1      | Reached XP level 2. HP: 18/19 MP: 5/5
   940 | D:2      | Reached skill level 1 in Staves
   985 | D:2      | Reached XP level 3. HP: 5/23 MP: 4/6
   991 | D:2      | Succumbed to an adder's poison

Illustrated notes

Levels and vault maps discovered:
D:1:      nzn_arrival_depleted_hourglass, layout_loops_corners,
          shapermc_ecumenical_altar_ellora, ebering_dispersal_statue_hall
D:2:      minmay_angry_zag, layout_basic, serial_shops,
          nicolae_shop_getting_attention

Skill      XL: |  1  2 |
---------------+-------+-----
Staves         | 1 |  1.3
Fighting       | |  2.0
Maces & Flails | |  3.0
Dodging        | |  2.0
Spellcasting   | |  2.6
Conjurations   | |  3.4

Action                     || total
---------------------------++-------
  Melee: Staff             ||    43
         Mace              ||     3
         Constrict         ||    13
         Tentacles         ||     5
   Cast: Kiss of Death     ||     2
    Use: Potion            ||     1
   Stab: Sleeping          ||     8
 Armour: Skin              ||     2
  Dodge: Dodged            ||    32

Table legend: (Time is in decaauts)
 A = Elapsed time spent in this place.
 B = Non-inter-level travel time spent in this place.
 C = Inter-level travel time spent in this place.
 D = Time resting spent in this place.
 E = Time spent auto-exploring this place.
 F = Levels seen in this place.
 G = Mean time per level.
                   A        B        C        D        E       F      G
               +--------+--------+--------+--------+--------+-----+--------+
         Total |    995 |    961 |     34 |      0 |    799 |   2 |  497.5 |
       Dungeon |    995 |    961 |     34 |      0 |    799 |   2 |  497.5 |
               +--------+--------+--------+--------+--------+-----+--------+

Top non-repeatable levels by time:
     D:1: 893 daAuts
     D:2: 101 daAuts
